Arena
510015674Analyzed1v1 RM
·
2d ago on Sep 29, 2026·
44m 4s·
2 players
Game mode
Random Map
Map size
Tiny (2 player)
Population
200
Speed
Normal
Resources
Standard
Victory
Conquest
Starting age
Dark Age
Ending age
Imperial Age
RankedLock teamsTeams togetherTeam positionsShared explorationLock speedFull tech treeHidden civsTurbo modeCheats
Victory
Defeat
Replay analysis
The_br4ve ®
11:17
Feudal Age
15:23
Castle Age
13:41
Double-Bit Axe
17:08
Bow Saw
21:46
Horse Collar
22:16
Loom
24:56
Heavy Plow
25:06
Fletching
26:14
Pikeman
27:59
Forging
29:29
Wheelbarrow
29:14
Murder Holes
30:05
Bodkin Arrow
30:45
Ballistics
30:41
Arson
32:04
Town Watch
33:05
Hand Cart
34:02
Chemistry
33:05
Squires
36:05
Iron Casting
38:24
Imperial Age
36:26
Masonry
40:32
Padded Archer Armor
41:43
Scale Mail Armor
Pepe_MR7
10:02
Feudal Age
14:35
Castle Age
15:08
Double-Bit Axe
17:52
Loom
21:33
Stone Mining
21:33
Gold Mining
21:59
Bow Saw
24:22
Forging
25:41
Fletching
26:28
Iron Casting
26:46
Wheelbarrow
27:44
Town Watch
28:36
Hand Cart
29:01
Town Patrol
31:28
Scale Barding Armor
31:19
Bodkin Arrow
31:27
Padded Archer Armor
31:30
Scale Mail Armor
34:55
Imperial Age
33:37
Husbandry
39:17
Elite Throwing Axeman
39:55
Cavalier
42:36
Paladin